 Dungeon Crawl Stone Soup version 0.22-a0-608-g8a62e23 (webtiles) character file.

47 sking99 the Insei (level 3, -3/29 HPs)
             Began as a Draconian Transmuter on July 9, 2018.
             Was an Initiate of Nemelex Xobeh.
             Slain by a gnoll
             ... wielding a +0 spear
              (7 damage)
             ... on level 2 of the Dungeon.
             The game lasted 00:01:32 (1209 turns).

sking99 the Insei (Draconian Transmuter)            Turns: 1209, Time: 00:01:33

Health: -3/29      AC:  5    Str: 12    XL:     3   Next: 48%
Magic:  4/6        EV: 12    Int: 13    God:    Nemelex Xobeh [......]
Gold:   29         SH:  0    Dex: 12    Spells: 3/6 levels left

rFire    . . .     SeeInvis .     - Unarmed
rCold    . . .     Gourm    .   (no shield)
rNeg     . . .     Faith    .   (armour unavailable)
rPois    .         Spirit   .   (helmet restricted)
rElec    .         Reflect  .   (no cloak)
rCorr    .         Harm     .   (no gloves)
MR       .....                  (no boots)
Stlth    +.........             (no amulet)
HPRegen  0.09/turn              (no ring)
MPRegen  0.10/turn              (no ring)

@: no status effects
A: unfitting armour, cold-blooded, AC +5
a: Renounce Religion


You were on level 2 of the Dungeon.
You worshipped Nemelex Xobeh.
Nemelex Xobeh was noncommittal.
You were not hungry.

You visited 1 branch of the dungeon, and saw 2 of its levels.

You collected 29 gold pieces.

Inventory:

Missiles
 a - 21 arrows
Scrolls
 b - 2 scrolls of remove curse {unknown}
 d - 5 scrolls of identify {unknown}
 e - 2 scrolls of enchant weapon {unknown}
 g - a scroll of immolation {unknown}
 i - a scroll of fear {unknown}
Potions
 f - a potion of degeneration {unknown}
 h - a potion of ambrosia {unknown}
 j - a potion of curing {unknown}
Miscellaneous
 k - a plain deck of escape
Comestibles
 c - 2 rations


   Skills:
 + Level 2.0 Fighting
 - Level 1.7 Dodging
 * Level 3.8 Unarmed Combat
 - Level 2.0 Spellcasting
 + Level 2.5 Transmutations
 + Level 0.3 Invocations


You had 3 spell levels left.
You knew the following spells:

 Your Spells              Type           Power        Failure   Level  Hunger
a - Beastly Appendage     Tmut           #.....       9%          1    ##.....
b - Sticks to Snakes      Tmut           #.......     14%         2    ###....

Your spell library contained the following spells:

 Spells                   Type           Power        Failure   Level  Hunger
 Spider Form              Tmut/Pois      #.........   41%         3    ####...
 Blade Hands              Tmut           #.........   94%         5    ######.
 Ice Form                 Ice/Tmut       #.......     83%         4    #####..


Dungeon Overview and Level Annotations

Branches:
Dungeon (2/15)

Altars:
Nemelex Xobeh


Innate Abilities, Weirdness & Mutations

Your plain brown scales are hard. (AC +5)
You cannot fit into any form of body armour.
You are cold-blooded and may be slowed by cold attacks.


Message History

The gnoll hits you from afar with a spear.
The gnoll hits you with a spear.
You punch the gnoll!
The gnoll is almost dead.
The gnoll hits you but does no damage.
You hit the gnoll but do no damage.
The gnoll is almost dead.
The gnoll hits you with a spear.
You hit the gnoll but do no damage.
You tail-slap the gnoll, but do no damage.
The gnoll is almost dead.
The gnoll hits you but does no damage. The gnoll hits you with a spear!
The gnoll hits you from afar with a spear.
* * * LOW HITPOINT WARNING * * *
There is an open door here.
Cast which spell? (? or * to list)
You create a snake!
You now have 21 arrows.
The gnoll hits you from afar with a spear!
You die...
Your body disappears without a glow.

#.............## ##
#........<.....# #.
+..............# #.
#..............#
#.###'######..###.#
#......# #..... #
#......# #..###
#......# #..#
#.S@...# ...#
#....g.# ...#
#......####...#
##.....g.)....#
#.....####.......
#.....# .......
#...... .......
#.##.... .....!. #.
+..... .......


You could see 2 gnolls and a friendly ball python.

Vanquished Creatures
  A gnoll (D:2)
  An ooze (D:2)
  A dart slug (D:1)
  A leopard gecko (D:1)
  3 bats (D:1)
  A giant cockroach (D:1)
  7 hobgoblins
  3 jackals (D:1)
  A ball python (D:1)
  A frilled lizard (D:1)
  3 goblins (D:1)
  3 kobolds (D:1)
  3 rats (D:1)
29 creatures vanquished.

Notes
Turn   | Place    | Note
-------+----------+-------------------------------------------
     0 | D:1      | sking99 the Draconian Transmuter began the quest for the Orb.
     0 | D:1      | Reached XP level 1. HP: 16/16 MP: 3/3
   217 | D:1      | Reached XP level 2. HP: 9/23 MP: 5/5
   225 | D:1      | Learned a level 2 spell: Sticks to Snakes
   792 | D:1      | Reached XP level 3. HP: 22/29 MP: 6/6
   996 | D:1      | Found a sparkling altar of Nemelex Xobeh.
  1005 | D:1      | Became a worshipper of Nemelex Xobeh the Trickster
  1185 | D:2      | Received a gift from Nemelex Xobeh
  1209 | D:2      | Slain by a gnoll

Vault maps used:
D:1:      minmay_arrival_widening_spiral_wide, minmay_misc_feat_square,
          nemelex_xobeh_ov_fountains_minmay

Skill      XL: |  1  2  3 |
---------------+----------+-----
Fighting       | 2 |  2.0
Dodging        | |  1.7
Unarmed Combat | |  3.8
Spellcasting   | |  2.0
Transmutations | |  2.5
Invocations    | |  0.3

Action                   || total
-------------------------++-------
Melee: Unarmed           ||   139
       Tailslap          ||    10
       Punch             ||     1
 Cast: Sticks to Snakes  ||     1
 Stab: Sleeping          ||     2
  Eat: Chunk             ||     1
Armor: Skin              ||    35
Dodge: Dodged            ||   105

Table legend:
 A = Spawn XP
 B = Non-spawn XP
 C = Spawn XP percentage of total XP
 D = Spawn monster count
 E = Non-spawn monster count
 F = Spawn count percentage of total count
 G = Total turns spent on level
                    A         B        C        D         E        F      G
               +---------+---------+-------+---------+---------+-------+---------
         Total |       0 |      68 |   0.0 |       0 |      29 |   0.0 |  1209
               +---------+---------+-------+---------+---------+-------+---------
           D:1 |       0 |      45 |   0.0 |       0 |      26 |   0.0 |  1063
           D:2 |       0 |      23 |   0.0 |       0 |       3 |   0.0 |   146
               +---------+---------+-------+---------+---------+-------+---------
